 Dungeon Crawl Stone Soup version 0.22.0-49-gab54619 (console) character file.

126 bli the Insei (level 4, -3/37 HPs)
             Began as a Draconian Transmuter on Sept 8, 2018.
             Killed from afar by Ijyb (8 damage)
             ... with a wand of acid (2)
             ... on level 3 of the Dungeon.
             The game lasted 00:06:17 (1806 turns).

bli the Insei (Draconian Transmuter)                Turns: 1806, Time: 00:06:19

Health: -3/37      AC:  6    Str: 17    XL:     4   Next: 84%
Magic:  6/7        EV: 12    Int: 14    God:
Gold:   129        SH:  0    Dex: 12    Spells: 3/7 levels left

rFire    . . .     SeeInvis .     - Unarmed
rCold    . . .     Gourm    .   (no shield)
rNeg     . . .     Faith    .   (armour unavailable)
rPois    .         Spirit   .   (helmet restricted)
rElec    .         Reflect  .   (no cloak)
rCorr    .         Harm     .   d - +0 pair of gloves
MR       .....                  (no boots)
Stlth    +.........             (no amulet)
HPRegen  0.12/turn              (no ring)
MPRegen  0.10/turn              (no ring)

@: mighty, very slightly contaminated
A: unfitting armour, cold-blooded, AC +5
a: no special abilities


You were on level 3 of the Dungeon.
You were not hungry.

You visited 1 branch of the dungeon, and saw 3 of its levels.

You collected 129 gold pieces.

Inventory:

Missiles
 a - 12 arrows
 e - 74 stones (quivered)
Armour
 b - a +0 buckler
 d - a +0 pair of gloves (worn)
Scrolls
 g - a scroll of immolation {unknown}
 h - 6 scrolls of identify {unknown}
 j - a scroll of fog {unknown}
 m - a scroll of random uselessness {unknown}
Potions
 i - a potion of might
 k - a potion of cancellation {unknown}
 l - a potion of invisibility {unknown}
Comestibles
 c - 4 rations
 f - 6 chunks of flesh


   Skills:
 * Level 2.7 Fighting
 + Level 2.5 Dodging
 + Level 4.4 Unarmed Combat
 + Level 2.0 Spellcasting
 + Level 2.0 Transmutations


You had 3 spell levels left.
You knew the following spells:

 Your Spells              Type           Power        Failure   Level  Hunger
A - Beastly Appendage     Tmut           #.....       10%         1    ##.....
S - Spider Form           Tmut/Pois      #.........   43%         3    ####...

Your spell library contained the following spells:

 Spells                   Type           Power        Failure   Level  Hunger
 Sticks to Snakes         Tmut           #.......     16%         2    ###....
 Ice Form                 Ice/Tmut       #.......     83%         4    #####..
 Blade Hands              Tmut           #.........   95%         5    ######.


Dungeon Overview and Level Annotations

Branches:
Dungeon (3/15)

Altars:

Annotations:
D:3 Ijyb


Innate Abilities, Weirdness & Mutations

Your plain brown scales are hard. (AC +5)
You cannot fit into any form of body armour.
You are cold-blooded and may be slowed by cold attacks.


Message History

You closely miss Ijyb. Ijyb closely misses you.
You barely miss Ijyb.
Ijyb zaps a wand.
The bolt of acid misses you.
You barely miss Ijyb. You tail-slap Ijyb, but do no damage.
Your talons disappear.
Ijyb hits you but does no damage.
You barely miss Ijyb. Ijyb barely misses you.
You hit Ijyb but do no damage.
Your tail-slap misses Ijyb.
Ijyb barely misses
Casting: Beastly Appendage (safe; 10% risk of failure)
Confirm with . or Enter, or press ? or * to list all spells.
You miscast Beastly Appendage.
You are very lightly contaminated with residual magic.
Nothing appears to happen.
Ijyb zaps a wand.
The bolt of acid hits you!
Ouch! That really hurt!
You are splashed with acid!
The acid burns!
* * * LOW HITPOINT WARNING * * *
You barely miss Ijyb. Ijyb hits you but does no damage.
It was a potion of might.
You feel very mighty all of a sudden.
Ijyb zaps a wand.
The bolt of acid hits you!
You die...

w#. .. #.# ...>.. #.#
....##. #.# .....#.# #.#
# ##....#.# #.#.#
#.....#.####.#.###
##..#..#.##........ #
#......#.##.#)#.#.. ###
#.#...#..#....รท<.....
....#.#g@).)....#.###....
........)##((..)#.###....
...#....#...)..#........
.........#......#.###.#..
##........).....#.# ..
#....#.##......#.# .
#....#.##..........
#..%...........#...
#..#.#.#..)#........
..................##
#............#.#


You could see Ijyb.

Vanquished Creatures
  A hound (D:2)
  An orc wizard (D:3)
  An adder (D:2)
  2 worms (D:2)
  A dart slug (D:2)
  2 leopard geckos
  6 orcs (D:3)
  A giant cockroach (D:3)
  4 goblins
  5 hobgoblins
  2 jackals (D:1)
  3 ball pythons
  7 bats
  2 kobolds
  5 rats
43 creatures vanquished.

Notes
Turn   | Place    | Note
-------+----------+-------------------------------------------
     0 | D:1      | bli the Draconian Transmuter began the quest for the Orb.
     0 | D:1      | Reached XP level 1. HP: 16/16 MP: 3/3
   296 | D:1      | Reached XP level 2. HP: 23/23 MP: 3/5
   860 | D:2      | Reached skill level 4 in Unarmed Combat
   860 | D:2      | Reached XP level 3. HP: 10/29 MP: 6/6
  1165 | D:2      | Learned a level 3 spell: Spider Form
  1195 | D:2      | Reached XP level 4. HP: 31/36 MP: 7/7
  1793 | D:3      | Noticed Ijyb
  1806 | D:3      | Killed from afar by Ijyb

Skill      XL: |  1  2 |
---------------+-------+-----
Dodging        | 2 |  2.5
Fighting       | 2 |  2.7
Unarmed Combat | 4 |  4.4
Spellcasting   | |  2.0
Transmutations | |  2.0

Action                   |  1- 3 |  4- 6 || total
-------------------------+-------+-------++-------
Melee: Unarmed           |   110 |    56 ||   166
       Tailslap          |     8 |     3 ||    11
       Headbutt          |     3 |       ||     3
       Punch             |     1 |       ||     1
       Kick              |       |     6 ||     6
 Cast: Beastly Appendage |     4 |     5 ||     9
  Use: Potion            |       |     1 ||     1
  Eat: Chunk             |     1 |     2 ||     3
Armor: Skin              |    38 |    20 ||    58
Dodge: Dodged            |    83 |    32 ||   115
